 Dungeon Crawl Stone Soup version 0.31.0-12-g77e489cdc1 (webtiles) character file.

Game seed: 2824300941068228807

21939 spaghetti the Skirmisher (level 12, -16/78 HPs)
             Began as a Demonspawn Hunter on Feb 18, 2024.
             Was an Initiate of Gozag.
             Demolished by Donald
             ... wielding a +2 vampiric eveningstar
              (36 damage)
             ... on level 2 of the Orcish Mines.
             The game lasted 00:22:29 (12320 turns).

spaghetti the Skirmisher (Demonspawn Hunter)       Turns: 12320, Time: 00:22:30

Health: -16/78     AC: 26    Str: 15    XL:     12   Next: 58%
Magic:  10/10      EV: 14    Int: 10    God:    Gozag
Gold:   892        SH:  0    Dex: 32    Spells: 6/11 levels left

rFire   . . .        K - +2 orcbow (heavy)
rCold   . . .        (shield currently unavailable)
rNeg    + + .        r - +8 scale mail "Hippuc" {Dex+6}
rPois   .            L - +2 hat
rElec   .            g - +0 cloak
rCorr   +            (gloves unavailable)
SInv    .            j - +2 pair of boots
Will    ++...        l - amulet of regeneration
Stlth   +            A - ring of resist corrosion
HPRegen 1.13/turn    G - ring "Biklout" {^Drain rN++ Will++ Dex+6}
MPRegen 0.24/turn

%: no passive effects
@: hasted, very quick
A: slimy green scales 2, magic regeneration, demonic magic 2, demonic touch 3,
low MP 1, strong 1
a: Renounce Religion, Potion Petition, Call Merchant, Bribe Branch


You were on level 2 of the Orcish Mines.
You worshipped Gozag.
Gozag was pleased with you.
You visited 3 branches of the dungeon, and saw 15 of its levels.

You collected 3441 gold pieces.
You spent 808 gold pieces at shops.
You paid 1741 gold pieces to Gozag.

Inventory:

Hand Weapons
 a - a +1 shortbow
 K - a +2 heavy orcbow (weapon)
Missiles
 F - a throwing net
Armour
 g - a +0 cloak (worn)
 j - a +2 pair of boots (worn)
 r - the +8 scale mail "Hippuc" (worn) {Dex+6}
   (You found it on level 4 of the Dungeon)

   Dex+6:     It affects your dexterity (+6).
 L - a +2 hat (worn)
Jewellery
 d - an amulet of faith
 l - an amulet of regeneration (around neck)
 A - a ring of resist corrosion (left hand)
 B - a ring of flight
 D - a ring of see invisible
 G - the ring "Biklout" (right hand) {^Drain rN++ Will++ Dex+6}
   (You acquired it on level 3 of the Dungeon)

   [ring of dexterity]

   Dex+6:     It affects your dexterity (+6).
   rN++:      It greatly protects you from negative energy.
   Will++:    It greatly increases your willpower.
   ^Drain:    It drains your maximum health when unequipped.
 P - a ring of ice
 Q - a ring of ice
Wands
 f - a wand of polymorph (35)
 q - a wand of flame (55)
 w - a wand of charming (1)
 E - a wand of acid (2)
 J - a wand of digging (8)
Scrolls
 b - a scroll of butterflies
 c - 8 scrolls of identify
 e - 6 scrolls of noise
 h - 4 scrolls of teleportation
 i - 2 scrolls of fog
 k - 3 scrolls of vulnerability
 n - 3 scrolls of enchant weapon
 o - 3 scrolls of enchant armour
 t - 4 scrolls of silence
 u - 5 scrolls of poison
 y - a scroll of revelation
 C - a scroll of amnesia
Potions
 m - 2 potions of resistance
 p - 3 potions of haste
 s - 2 potions of cancellation
 v - 4 potions of heal wounds
 x - 4 potions of curing
 z - a potion of lignification
 H - a potion of mutation
 I - a potion of brilliance
 M - a potion of ambrosia
 N - a potion of berserk rage
 O - a potion of might


   Skills:
 - Level 2.0 Fighting
 + Level 14.1 Ranged Weapons
 + Level 9.9 Armour
 + Level 5.0 Dodging
 - Level 0.8 Stealth
 - Level 3.0 Translocations
 - Level 3.0 Fire Magic
 - Level 8.0 Evocations


You had 6 spell levels left.
You knew the following spells:

 Your Spells              Type           Power      Damage    Failure   Level
a - Blink                 Tloc           12%        N/A       45%         2
b - Volatile Blastmotes   Fire/Tloc      12%        2d11      69%         3

Your spell library contained the following spells:

 Spells                   Type           Power      Damage    Failure   Level
 Magic Dart               Conj           0%         1d3       75%         1
 Slow                     Hex            0%         N/A       75%         1
 Call Imp                 Summ           0%         N/A       86%         2
 Confusing Touch          Hex            0%         N/A       98%         3
 Ozocubu's Armour         Ice            0%         N/A       98%         3
 Sigil of Binding         Hex            0%         N/A       98%         3
 Vampiric Draining        Necr           0%         2d6       98%         3
 Ignite Poison            Fire/Alch      3%         N/A       99%         4
 Iskenderun's Mystic Bla  Conj/Tloc      3%         2d3       99%         4
 Sticky Flame             Fire/Alch      3%         2d4       99%         4
 Cause Fear               Hex            0%         N/A       100%        4
 Fulminant Prism          Conj/Alch      0%         3d5       100%        4
 Fireball                 Conj/Fire      1%         3d3       100%        5
 Metabolic Englaciation   Hex/Ice        0%         N/A       100%        5
 Sculpt Simulacrum        Ice/Alch       0%         N/A       100%        6
 Ignition                 Fire           3%         3d4       100%        8
 Dragon's Call            Summ           0%         N/A       100%        9


Dungeon Overview and Level Annotations

Branches:
Dungeon (12/15)            Temple (1/1) D:5            Lair (0/5) D:10
    Orc (2/2) D:11            Elf (0/3) Orc:2

Altars:
Ashenzari
Cheibriados
Dithmenos
Fedhas
Gozag
Hepliaklqana
Kikubaaqudgha
Makhleb
Nemelex Xobeh
Okawaru
Qazlal
Ru
Sif Muna
Trog
Vehumet
Wu Jian

Shops:
D:3 ![*?[   D:5 !   D:10 [=   Orc:1 *

Annotations:
D:3 2 runed translucent doors, sadbutuwu's ghost, amateur DsFE
D:6 Jeremiah
D:11 2 transporters
Orc:2 Donald


Innate Abilities, Weirdness & Mutations

You are mostly covered in slimy green scales. (AC +3)
You regenerate magic rapidly.
Spells you cast may paralyse nearby enemies.
Your touch may irresistibly damage your foes and sap their willpower.
Your magical capacity is low. (-10% MP)
Your muscles are strong. (Str +4, Int/Dex -1)


Message History

Donald is moderately wounded.
Fire: K) +2 orcbow (heavy)
Press: ? - help, Q - select action, (/) - cycle Shift-Dir - straight line, f/p - Donald
Aim: Donald, wielding a +2 vampiric eveningstar, wearing a +0 plate armour and wearing a +0 kite shield (moderately wounded, fast, strong, 82% to hit)
You shoot an arrow. The arrow hits Donald!!
Donald is heavily wounded.
Fire: K) +2 orcbow (heavy)
Press: ? - help, Q - select action, (/) - cycle Shift-Dir - straight line, f/p - Donald
Aim: Donald, wielding a +2 vampiric eveningstar, wearing a +0 plate armour and wearing a +0 kite shield (heavily wounded, fast, strong, 82% to hit)
You shoot an arrow.
The arrow hits Donald but does no damage.
Donald is heavily wounded.
Donald hits you but does no damage.
Fire: K) +2 orcbow (heavy)
Press: ? - help, Q - select action, (/) - cycle Shift-Dir - straight line, f/p - Donald
Aim: Donald, wielding a +2 vampiric eveningstar, wearing a +0 plate armour and wearing a +0 kite shield (heavily wounded, fast, strong, 82% to hit)
You shoot an arrow.
Donald blocks the arrow.
Donald hits you with a +2 vampiric eveningstar.
Donald hits you with a +2 vampiric eveningstar!!
Unknown command.
Unknown command.
You feel yourself speed up. Donald hits you but does no damage.
Donald says, "Orcs complain a lot, don't they?
I hate it."
Donald hits you with a +2 vampiric eveningstar!
Donald draws strength from your wounds!
Okay, then.
You feel much better. Donald completely misses you.
You shoot an arrow. The arrow barely misses Donald.
Donald hits you with a +2 vampiric eveningstar!!
Unknown command.
Unknown command.
You shoot an arrow. The arrow hits Donald!
Donald is heavily wounded.
Donald hits you with a +2 vampiric eveningstar!!
* * * LOW HITPOINT WARNING * * *
Donald says, "These orcs are so stupid, they must've eaten the rune."
Donald hits you with a +2 vampiric eveningstar!!!
You die...
Donald says, "Well, maybe you weren't so bad after all."
Your body crumbles into a pile of gold.

## #.##
####...###
#........##
###.........##
##............##
#>.............#
###.....@#....$..
#.<#....@##......
####..........#
#...........#
##.........##
##...$....#
#####......##
##.#.........##
#.............##


You could see Donald (fast, strong).

Vanquished Creatures
  Snorg (D:10)
  Erolcha (D:9)
  A boulder beetle (D:12)
  7 two-headed ogres
  A deep elf pyromancer (D:10)
  An ugly thing (D:12)
  3 cyclopes
  An elephant (D:10)
  An unseen horror (D:12)
  3 trolls
  A hornet (D:10)
  4 slime creatures (D:12)
  Sigmund (D:2)
  28 yaks
  3 wraiths
  A spriggan (D:10)
  2 wyverns
  A basilisk (D:10)
  2 steam dragons
  A warg (Orc:1)
  2 vampire mosquitoes (D:12)
  Edmund (D:6)
  2 acid dragons (D:11)
  2 water moccasins (D:7)
  An ice beast (D:6)
  2 sky beasts
  A black bear (D:10)
  6 orc warriors
  8 ogres
  4 centaurs
  A phantom (D:7)
  5 kobold brigands
  4 bullfrogs
  2 scorpions
  3 gnoll sergeants
  13 wights
  4 howler monkeys
  A hound (D:5)
  2 bombardier beetles
  2 jellies
  9 orc priests
  3 gnoll boudas (D:7)
  A sleepcap (D:7)
  4 iguanas
  Ijyb (D:4)
  An orc wizard (Orc:1)
  Natasha (thrice) (D:2)
  Terence (D:2)
  Robin (D:2)
  18 gnolls
  6 adders
  A shadow imp (D:6)
  3 white imps
  2 ufetubi (D:5)
  5 ribbon worms
  5 dart slugs
  28 orcs
  6 ball pythons
  5 endoplasms
  4 giant cockroaches
  9 goblins
  9 hobgoblins
  3 jackals (D:1)
  7 quokkas
  3 bats
  5 frilled lizards
  21 kobolds
  4 rats
298 creatures vanquished.

Vanquished Creatures (collateral kills)
  A yak (D:9)
  3 ogres (D:10)
  4 killer bees (D:10)
  A gnoll (D:7)
9 creatures vanquished.

Vanquished Creatures (others)
  Lodul (D:10)
  2 yaks (D:9)
  An ogre (Orc:2)
4 creatures vanquished.

Grand Total: 311 creatures vanquished

Notes
Turn   | Place    | Note
-------+----------+-------------------------------------------
     0 | D:1      | spaghetti the Demonspawn Hunter began the quest for the
                  | Orb.
     0 | D:1      | Reached XP level 1. HP: 16/16 MP: 1/1
   120 | D:2      | Reached skill level 4 in Ranged Weapons
   120 | D:2      | Gained mutation: Spells you cast may paralyse adjacent
                  | enemies. [demonic ancestry]
   120 | D:2      | Reached XP level 2. HP: 22/22 MP: 2/2
   239 | D:2      | Noticed Terence
   261 | D:2      | Killed Terence
   262 | D:2      | Gained mutation: You are partially covered in slimy green
                  | scales. (AC +2) [demonic ancestry]
   262 | D:2      | Reached XP level 3. HP: 19/27 MP: 3/3
   388 | D:2      | Noticed Natasha
   398 | D:2      | Killed Natasha
   399 | D:2      | Reached skill level 5 in Ranged Weapons
   399 | D:2      | Gained mutation: You regenerate magic rapidly. [demonic
                  | ancestry]
   399 | D:2      | Reached XP level 4. HP: 21/33 MP: 4/4
   501 | D:2      | Noticed Natasha
   507 | D:2      | Killed Natasha
   551 | D:2      | Noticed Robin
   559 | D:2      | Killed Robin
   688 | D:2      | Noticed Natasha
   698 | D:2      | Killed Natasha
   699 | D:2      | Gained mutation: Your touch may inflict minor irresistible
                  | damage on your foes. [demonic ancestry]
   699 | D:2      | Reached XP level 5. HP: 8/38 MP: 5/5
   954 | D:2      | Noticed Sigmund
   961 | D:2      | Killed Sigmund
   962 | D:2      | Reached skill level 6 in Ranged Weapons
   962 | D:2      | Gained mutation: You are mostly covered in slimy green
                  | scales. (AC +3) [demonic ancestry]
   962 | D:2      | Reached XP level 6. HP: 40/44 MP: 6/6
  1276 | D:1      | You fall into a shaft and drop 1 floor!
  1397 | D:1      | Reached skill level 7 in Ranged Weapons
  2167 | D:3      | Found Uquhamit's Antique Armour Shop.
  2216 | D:3      | Found a runed translucent door.
  2218 | D:3      | Noticed sadbutuwu's ghost (amateur DsFE)
  2287 | D:3      | Found Nyarot's Magic Scroll Shoppe.
  2353 | D:3      | Found Sifuaraf's Distillery.
  2361 | D:3      | Bought a potion of mutation for 80 gold pieces
  2361 | D:3      | Gained mutation: Your muscles are strong. (Str +4, Int/Dex
                  | -1) [potion of mutation]
  2361 | D:3      | Gained mutation: Your magical capacity is low. (-10% MP)
                  | [potion of mutation]
  2433 | D:3      | Found a runed translucent door.
  2555 | D:3      | Found Rennoir's Assorted Antiques.
  2683 | D:3      | Found Menwol's Antique Armour Shoppe.
  3005 | D:4      | Found a stormy altar of Qazlal.
  3005 | D:4      | Found a shimmering blue altar of Sif Muna.
  3005 | D:4      | Noticed Ijyb
  3022 | D:4      | Killed Ijyb
  3132 | D:4      | Gained mutation: Spells you cast may paralyse nearby
                  | enemies. [demonic ancestry]
  3132 | D:4      | Reached XP level 7. HP: 50/50 MP: 6/6
  3165 | D:4      | Identified the +8 scale mail "Hippuc" {Dex+6}
  3766 | D:5      | Entered Level 5 of the Dungeon
  3798 | D:5      | Found a blossoming altar of Fedhas.
  3866 | D:5      | Reached skill level 1 in Armour
  3880 | D:5      | Reached skill level 8 in Ranged Weapons
  4009 | D:5      | Found a staircase to the Ecumenical Temple.
  4391 | D:5      | Found Fymoor's Distillery.
  4769 | D:6      | Reached XP level 8. HP: 56/56 MP: 7/7
  4825 | Temple   | Entered the Ecumenical Temple
  4852 | Temple   | Became a worshipper of Gozag Ym Sagoz the Greedy
  5078 | D:6      | Reached skill level 9 in Ranged Weapons
  5112 | D:6      | Found a sparkling altar of Nemelex Xobeh.
  5228 | D:6      | Noticed Jeremiah
  5243 | D:6      | Noticed Edmund
  5477 | D:7      | Reached skill level 5 in Armour
  5660 | D:7      | Gained mutation: Your touch may inflict irresistible damage
                  | on your foes. [demonic ancestry]
  5660 | D:7      | Reached XP level 9. HP: 57/61 MP: 8/8
  5749 | D:7      | Reached skill level 10 in Ranged Weapons
  7023 | D:6      | Reached skill level 11 in Ranged Weapons
  7035 | D:6      | Killed Edmund
  7266 | D:3      | Bought a scroll of acquirement for 728 gold pieces
  7266 | D:3      | Acquired the ring "Biklout" {^Drain rN++ Will++ Dex+6}
  8009 | D:8      | Found a bloodstained altar of Trog.
  8170 | D:8      | Reached XP level 10. HP: 67/67 MP: 9/9
  8201 | D:10     | Entered Level 10 of the Dungeon
  8328 | D:9      | Identified the +1 buckler of Day {MP+9 Int+5}
  8329 | D:9      | Noticed a two-headed ogre
  8340 | D:9      | Killed a two-headed ogre
  8368 | D:9      | Reached skill level 1 in Evocations
  8535 | D:9      | Noticed Erolcha
  8613 | D:10     | Found a radiant altar of Vehumet.
  8772 | D:9      | Killed Erolcha
  8773 | D:9      | Reached skill level 12 in Ranged Weapons
  8821 | D:9      | Found a snail-covered altar of Cheibriados.
  9071 | D:9      | Noticed a two-headed ogre
  9072 | D:9      | Reached skill level 5 in Evocations
  9090 | D:9      | Killed a two-headed ogre
  9091 | D:9      | Gained mutation: Your touch may irresistibly damage your
                  | foes and sap their willpower. [demonic ancestry]
  9091 | D:9      | Reached XP level 11. HP: 33/72 MP: 9/9
  9370 | D:10     | Noticed Lodul
  9391 | D:10     | Your ally Lodul died
  9429 | D:10     | Noticed Snorg
  9497 | D:10     | Killed Snorg
  9629 | D:11     | Noticed a two-headed ogre
  9633 | D:11     | Killed a two-headed ogre
  9634 | D:11     | Reached skill level 13 in Ranged Weapons
  9718 | D:11     | Found a staircase to the Orcish Mines.
  9769 | D:11     | Learned a level 2 spell: Blink
  9773 | D:11     | Learned a level 3 spell: Volatile Blastmotes
  9808 | D:11     | Noticed a two-headed ogre
  9822 | D:11     | Killed a two-headed ogre
  9823 | D:11     | Reached skill level 1 in Translocations
  9823 | D:11     | Reached skill level 1 in Fire Magic
  9851 | D:11     | Noticed an ogre mage
  9931 | D:11     | Found a transporter.
  9941 | D:11     | Noticed a two-headed ogre
  9946 | D:11     | Found a transporter.
 10089 | D:11     | Found a gate leading to a gauntlet.
 10495 | D:10     | Found a staircase to the Lair.
 10527 | D:10     | Reached XP level 12. HP: 78/78 MP: 10/10
 10558 | D:10     | Found an ancient bone altar of Kikubaaqudgha.
 11269 | D:12     | Noticed a two-headed ogre
 11271 | D:12     | Killed a two-headed ogre
 11414 | D:12     | Noticed a boulder beetle
 11454 | D:12     | Killed a boulder beetle
 11475 | D:12     | Noticed a two-headed ogre
 11481 | D:12     | Killed a two-headed ogre
 11740 | Orc:1    | Entered Level 1 of the Orcish Mines
 11746 | Orc:1    | Reached skill level 14 in Ranged Weapons
 11963 | Orc:2    | Entered Level 2 of the Orcish Mines
 12042 | Orc:2    | Found a staircase to the Elven Halls.
 12042 | Orc:2    | Noticed Donald
 12135 | Orc:1    | Noticed a two-headed ogre
 12142 | Orc:1    | Killed a two-headed ogre
 12143 | Orc:1    | Reached skill level 5 in Dodging
 12236 | Orc:1    | Found Qihel's General Store.
 12320 | Orc:2    | Demolished by Donald

Illustrated notes

Levels and vault maps discovered:
D:1:      lightli_arrival_farm, layout_basic
D:2:      layout_basic, uniq_sigmund, uniq_natasha, uniq_terence, uniq_robin
D:3:      layout_loops_ring, ebering_ghost_sewer_f, serial_shops,
          nicolae_shop_just_a_little_nook, shop, shop, shop,
          nicolae_shop_tiny_real_fake_doors
D:4:      layout_gridville, jmf_multi_god_temple, uniq_ijyb
D:5:      layout_basic, overflow_temple_1_default, minmay_temple_entry_grid,
          serial_shops, kennysheep_mini, kennysheep_generic_room_16
D:6:      layout_cave_pools, mainiacjoe_overflow_alcove_1, minitemple,
          minivault_25, glass_columns_b, uniq_jeremiah, uniq_crazy_yiuf_cottage,
          uniq_edmund
D:7:      layout_basic, nicolae_grassy_gnolls
D:8:      layout_layer_cave, kennysheep_little_box
D:9:      layout_rooms, slow_altar_1, grunt_ministairs_13,
          ebering_dispersal_statue_hall, st_stairs_11, uniq_erolcha
D:10:     layout_gridville, marbit_many_paths, nicolae_vehumet_radiance,
          david_lair_generic, the_hattery, uniq_snorg, uniq_lodul
D:11:     gammafunk_beogh_shrine, layout_basic, orc_0_dummy,
          gauntlet_entry_generic
D:12:     layout_small_grid
Temple:   bh_familiar_temple
Orc:1:    layout_caves, serial_shops, nicolae_shop_real_fake_doors
Orc:2:    pf_orc_diabolical, layout_diamond_mine, uniq_donald

Skill      XL: |  1  2  3  4  5  6  7  8  9 10 11 12 |
---------------+-------------------------------------+-----
Ranged Weapons | 4 5 6 7 8 9 11 12 13 14 | 14.1
Armour         | 3 5 7 8 9 |  9.9
Evocations     | 5 8 |  8.0
Translocations | 2 3 |  3.0
Fire Magic     | 2 3 |  3.0
Dodging        | 2 5 |  5.0
Fighting       | |  2.0
Stealth        | |  0.8

Action                     |  1- 3 |  4- 6 |  7- 9 | 10-12 || total
---------------------------+-------+-------+-------+-------++-------
  Melee: Shortbow          |     4 |       |       |       ||     4
         Unarmed           |       |    12 |       |       ||    12
   Fire: Shortbow          |    41 |   218 |   564 |    69 ||   892
         Orcbow            |       |       |       |   355 ||   355
  Throw: Throwing net      |       |       |       |     1 ||     1
 Invoke: Call Merchant     |       |       |       |     2 ||     2
  Evoke: Wand              |       |       |     1 |    13 ||    14
    Use: Potion            |     2 |     4 |     4 |     3 ||    13
         Scroll            |       |     5 |     9 |     3 ||    17
 Armour: Leather armour    |    17 |    39 |       |       ||    56
         Skin              |       |     5 |       |       ||     5
         Scale mail        |       |       |   284 |   294 ||   578
  Dodge: Dodged            |    18 |    56 |   179 |   153 ||   406
